 Dungeon Sprint DCSS version 0.30-a0-50-gb2d611f6b1 (webtiles) character file.

Game seed: 18340390978062060600

0 MrFrogsmire the Trooper (level 2, -6/20 HPs)
             Began as a Gargoyle Berserker on Sept 4, 2022.
             Was a Follower of Trog.
             Mangled by Eustachio
             ... wielding a +0 rapier
              (7 damage)
             ... in the Dungeon (Sprint VI: "Thunderdome").
             The game lasted 00:00:42 (76 turns).

MrFrogsmire the Trooper (Gargoyle Berserker)          Turns: 76, Time: 00:00:43

Health: -6/20      AC:  5    Str: 20    XL:     2   Next: 4%
Magic:  2/2        EV: 12    Int:  7    God:    Trog [*.....]
Gold:   0          SH:  0    Dex:  9    Spells: 1/1 levels left

rFire   . . .      SeeInvis .    a - +0 hand axe
rCold   . . .      Faith    .    (no shield)
rNeg    + . .      Spirit   .    b - +0 animal skin
rPois   ∞          Reflect  .    (no helmet)
rElec   +          Harm     .    (no cloak)
rCorr   .          Rampage  .    (no gloves)
Will    .....      NoTele   +    (no boots)
Stlth   +.........               (no amulet)
HPRegen 0.06/turn                (no ring)
MPRegen 0.08/turn                (no ring)

@: no status effects
A: sickness immunity, AC +2, negative energy resistance 1, electricity
resistance, torment resistance 1, petrification resistance
a: Renounce Religion, Berserk


You were in the Dungeon.
You worshipped Trog.
Trog was aware of your devotion.
You visited 1 branch

Inventory:

Hand Weapons
 a - a +0 hand axe (weapon)
Armour
 b - a +0 animal skin (worn)
Scrolls
 h - a scroll of blinking
Potions
 c - a potion of curing
 d - a potion of heal wounds
 e - a potion of haste
 f - 2 potions of magic
 g - a potion of berserk rage


   Skills:
 + Level 4.1 Fighting
 + Level 3.5 Axes
 + Level 2.5 Armour
 + Level 1.9 Dodging


You had one spell level left.
You didn't know any spells.
Your spell library was empty.

Dungeon Overview and Level Annotations

Branches:
Dungeon (1/1)

Altars:
Dithmenos
Fedhas
Kikubaaqudgha
Okawaru
Vehumet
The Shining One

Shops:
D (!!!!

Annotations:
D Eustachio


Innate Abilities, Weirdness & Mutations

You are immune to sickness and miasma.
Your stone body is resilient. (AC +2)
You are immune to poison.
You resist negative energy. (rN+)
You are resistant to electric shocks. (rElec)
You are resistant to unholy torment.
You are immune to petrification.


Message History

Eustachio blinks!
Eustachio gestures wildly while chanting.
You hit the quokka.
The quokka is almost dead.
The quokka bites you but does no damage.
Eustachio utters an oath, "I will die for my friends!"
The quokka attacks as you move away! The quokka barely misses you.
Eustachio attacks as you move away! Eustachio closely misses you.
There is an entrance to Osisiz's Distillery here.
You hit the quokka.
You kill the quokka!
The quokka's corpse disappears in a puff of smoke!
You hit Eustachio but do no damage. You barely miss the quokka.
The quokka misses you. Eustachio closely misses you.
The quokka closely misses you.
You barely miss the quokka. You hit Eustachio. Eustachio closely misses you.
The quokka bites you but does no damage.
You hit the quokka.
You kill the quokka!
The quokka's corpse disappears in a puff of smoke!
You hit the quokka but do no damage. You hit Eustachio.
The quokka bites you but does no damage.
Eustachio hits you with a +0 rapier.
You hit Eustachio.
Eustachio is lightly wounded.
You miss the quokka. The quokka closely misses you.
Eustachio gestures wildly while chanting.
Eustachio blinks!
The quokka misses you.
You barely miss the quokka. You barely miss Eustachio.
Eustachio hits you with a +0 rapier.
* * * LOW HITPOINT WARNING * * *
The quokka barely misses you.
You barely miss the quokka. You hit Eustachio. The quokka barely misses you.
Eustachio hits you with a +0 rapier.
* * * LOW HITPOINT WARNING * * *
The quokka bites you but does no damage.
You hit Eustachio.
Eustachio is moderately wounded.
You barely miss the quokka. Eustachio hits you with a +0 rapier!
You die...

........# ......._#
......._#
#.........###
...........⌠#
8.........8.######
... #......__.∩##
..8. #.8........∩###
....###.........@r..#
#...###.....@....⌠#
#.<.# #..........⌠#
#...# #..........⌠#
..###.............##
..8. .8........∩###
... .......__∩## 8..
...8.###### .. ....⌠#


You could see Eustachio and a quokka (summoned).

Vanquished Creatures
  A shadow imp (D)
1 creature vanquished.

Notes
Turn   | Place    | Note
-------+----------+-------------------------------------------
     0 | D        | MrFrogsmire the Gargoyle Berserker began the quest for the
                  | Orb.
     0 | D        | Reached XP level 1. HP: 14/14 MP: 1/1
     0 | D        | Found an iron altar of Okawaru.
     0 | D        | Found a blossoming altar of Fedhas.
     1 | D        | Found a glowing golden altar of the Shining One.
     1 | D        | Found an ancient bone altar of Kikubaaqudgha.
     2 | D        | Found a shadowy altar of Dithmenos.
     3 | D        | Found Wacw's Distillery.
     3 | D        | Found a radiant altar of Vehumet.
     3 | D        | Found Higi's Do-It-Yourself Clinic.
     4 | D        | Found Kikumeso's Staff Store.
     5 | D        | Found Osisiz's Distillery.
     5 | D        | Found Ucwom's Bottled Wisdom.
     5 | D        | Round 1.
    24 | D        | Reached skill level 4 in Fighting
    24 | D        | Reached XP level 2. HP: 8/20 MP: 2/2
    62 | D        | Noticed Eustachio
    75 | D        | HP: 1/20 [Eustachio/+0 rapier (4)]
    76 | D        | Mangled by Eustachio

Illustrated notes

Levels and vault maps discovered:
D:        arena_sprint

Skill      XL: |  1 |
---------------+----+-----
Fighting       | 4 |  4.1
Axes           | 3 |  3.5
Armour         | |  2.5
Dodging        | |  1.9

Action                   || total
-------------------------++-------
Melee: Hand axe          ||    20
Armor: Animal skin       ||     4
Dodge: Dodged            ||    18

Table legend: (Time is in decaauts)
 A = Elapsed time spent in this place.
 B = Non-inter-level travel time spent in this place.
 C = Inter-level travel time spent in this place.
 D = Time resting spent in this place.
 E = Time spent auto-exploring this place.
 F = Levels seen in this place.
 G = Mean time per level.
                   A        B        C        D        E       F      G
               +--------+--------+--------+--------+--------+-----+--------+
         Total |     79 |     72 |      7 |      0 |      0 |   1 |   79.0 |
       Dungeon |     79 |     72 |      7 |      0 |      0 |   1 |   79.0 |
               +--------+--------+--------+--------+--------+-----+--------+

Top non-repeatable levels by time:
       D: 79 daAuts
